 Dungeon Crawl Stone Soup version 0.27.0-1-g7a089689b8 (webtiles) character file.

Game seed: 6167213225632306546

355 theswoord the Twirler (level 6, -22/44 HPs)
             Began as a Demonspawn Gladiator on Aug 5, 2021.
             Annihilated by a two-headed ogre (27 damage)
             ... on level 4 of the Dungeon.
             The game lasted 00:05:03 (3574 turns).

theswoord the Twirler (Demonspawn Gladiator)        Turns: 3574, Time: 00:05:04

Health: -22/44     AC:  6    Str: 16    XL:     6   Next: 36%
Magic:  6/6        EV: 12    Int:  9    God:
Gold:   168        SH:  0    Dex: 15    Spells: 5/5 levels left

rFire    . . .     SeeInvis .   a - +0 quarterstaff
rCold    . . .     Faith    .   (shield currently unavailable)
rNeg     . . .     Spirit   .   i - +0 ring mail
rPois    .         Reflect  .   c - +0 helmet
rElec    .         Harm     .   (no cloak)
rCorr    .         Rampage  .   (no gloves)
Will     .....                  (no boots)
Stlth    +.........             (no amulet)
HPRegen  0.14/turn              (no ring)
MPRegen  0.10/turn              (no ring)

@: brilliant
A: hooves 1, spiny 1, sturdy frame 1
a: no special abilities


You were on level 4 of the Dungeon.
You visited 2 branches of the dungeon, and saw 5 of its levels.

You collected 168 gold pieces.

Inventory:

Hand Weapons
 a - a +0 quarterstaff (weapon)
Missiles
 d - 3 throwing nets
 j - 3 poisoned darts (quivered)
Armour
 b - a +0 leather armour
 c - a +0 helmet (worn)
 i - a +0 ring mail (worn)
Scrolls
 h - a scroll of identify
Potions
 e - a potion of lignification {unknown}
 f - a potion of curing
 g - a potion of brilliance
 m - 2 potions of mutation {unknown}
 n - 2 potions of heal wounds {unknown}
 p - a potion of degeneration {unknown}


   Skills:
 - Level 2.0 Fighting
 + Level 6.6 Staves
 - Level 1.7 Throwing
 - Level 2.6 Dodging


You had 5 spell levels left.
You didn't know any spells.
Your spell library was empty.

Dungeon Overview and Level Annotations

Branches:
Dungeon (4/15)             Temple (1/1) D:4

Altars:
Cheibriados
Elyvilon
Fedhas
Gozag
Hepliaklqana
Kikubaaqudgha
Nemelex Xobeh
Okawaru
Qazlal
Ru
Sif Muna
Trog
Uskayaw
Vehumet
Wu Jian
Xom
Zin
The Shining One

Shops:
D:4 =


Innate Abilities, Weirdness & Mutations

You have large cloven feet.
You are partially covered in sharp spines.
Your movements are slightly less encumbered by armour. (ER -2)


Message History

You see here 16 bolts.
A goblin is nearby!
A goblin is nearby!
The goblin closely misses you.
You closely miss the goblin. Your kick misses the goblin.
The goblin is struck by your spines.
You kill the goblin!
No target in view!
No target in view!
Things that are here:
a +0 dagger; a goblin corpse The frilled lizard hisses angrily.
A kobold comes into view. It is wielding a +0 dagger.
A kobold is nearby!
A kobold is nearby!
The kobold shouts!
You thump the kobold!
You kill the kobold!
No target in view!
No target in view!
A two-headed ogre comes into view. It is wielding two +0 giant clubs.
The two-headed ogre shouts in stereo!
A two-headed ogre is nearby!
A two-headed ogre is nearby!
It was a potion of brilliance.
You feel clever all of a sudden.
It was a potion of magic.
Magic courses through your body.
The two-headed ogre hits you with a +0 giant club!!
Ouch! That really hurt!
* * * LOW HITPOINT WARNING * * *
The two-headed ogre hits you with a +0 giant club!
* * * LOW HITPOINT WARNING * * *
As you read the scroll labelled LYG BYTTAAMA, it crumbles to dust.
The creatures around you are filled with an inner flame!
It was a scroll of immolation.
The two-headed ogre is struck by your spines.
Flame seeps out of the two-headed ogre.
The two-headed ogre hits you with a +0 giant club!!
Ouch! That really hurt!
You die...

#.......................###.###
#.........................).##.
####.........##..............#.
###.∩....)......###....#####
#....(...#.##.# #.#..## #
#........#.##.# #.##...##
###........#.##.# #.#..#.##.
#..........#(##.###...##....
#.#####.^..@O.....#..## ##. #.#
#.#......##.#...# #. #.#
#.#......##.#.#....##. #.#
#########).##.#.####....
#.###.≈≈≈≈###..##.#.........
#.##≈P.≈...##.###...........
#.#l...≈≈.≈.#.###..#........
#.###########..###########..
#..............# #..


You could see a two-headed ogre (inner flame).

Vanquished Creatures
  An ogre (D:4)
  A scorpion (D:4)
  A water moccasin skeleton (D:4)
  A centaur skeleton (D:4)
  A hound skeleton (D:4)
  5 adders
  2 ufetubi (D:4)
  3 dart slugs
  A worm (D:2)
  3 orcs (D:3)
  3 ball pythons
  5 endoplasms
  5 giant cockroaches
  7 goblins
  2 hobgoblins
  4 quokkas
  4 bats
  5 frilled lizards
  10 kobolds
  2 rats (D:2)
66 creatures vanquished.

Vanquished Creatures (others)
  8 fungi (D:4)
8 creatures vanquished.

Grand Total: 74 creatures vanquished

Notes
Turn   | Place    | Note
-------+----------+-------------------------------------------
     0 | D:1      | theswoord the Demonspawn Gladiator began the quest for the
                  | Orb.
     0 | D:1      | Reached XP level 1. HP: 16/16 MP: 1/1
   169 | D:1      | Reached skill level 3 in Staves
   233 | D:1      | Gained mutation: You have large cloven feet. [demonic
                  | ancestry]
   233 | D:1      | Reached XP level 2. HP: 18/22 MP: 2/2
   997 | D:2      | Reached XP level 3. HP: 27/27 MP: 3/3
  1045 | D:2      | Reached skill level 4 in Staves
  1542 | D:3      | Gained mutation: Your movements are slightly less
                  | encumbered by armour. (ER -2) [demonic ancestry]
  1542 | D:3      | Reached XP level 4. HP: 33/33 MP: 4/4
  2347 | D:4      | Reached skill level 5 in Staves
  2347 | D:4      | Reached XP level 5. HP: 23/38 MP: 5/5
  2720 | D:4      | Found a staircase to the Ecumenical Temple.
  2738 | D:4      | Found Ipir's Jewellery Shoppe.
  2741 | Temple   | Entered the Ecumenical Temple
  3157 | D:4      | Reached skill level 6 in Staves
  3246 | D:4      | Gained mutation: You are partially covered in sharp spines.
                  | [demonic ancestry]
  3246 | D:4      | Reached XP level 6. HP: 44/44 MP: 6/6
  3557 | D:4      | Noticed a two-headed ogre
  3574 | D:4      | Annihilated by a two-headed ogre

Skill      XL: |  1  2  3  4  5 |
---------------+----------------+-----
Staves         | 3 4 5 6 |  6.6
Fighting       | |  2.0
Throwing       | |  1.7
Dodging        | |  2.6

Action                   |  1- 3 |  4- 6 || total
-------------------------+-------+-------++-------
Melee: Quarterstaff      |    87 |    85 ||   172
       Kick              |    18 |    20 ||    38
Throw: Dart              |    11 |     3 ||    14
  Use: Scroll            |     3 |     4 ||     7
       Potion            |       |     5 ||     5
 Stab: Sleeping          |     2 |       ||     2
Armor: Leather armour    |     7 |       ||     7
       Ring mail         |    18 |    28 ||    46
Dodge: Dodged            |    54 |    51 ||   105

Levels and vault maps discovered:
D:1:      dpeg_arrival_renting, layout_basic
D:2:      layout_basic
D:3:      layout_basic, minmay_misc_feat_encased
D:4:      cheibrodos_thug_alley, layout_rooms,
          minmay_temple_entry_statues_fountains, serial_aquarium,
          aquarium_bridge_straight [aquarium_subvault_bridge,
          aquarium_subvault_wall, aquarium_subvault_bridge,
          aquarium_subvault_wall], aquarium_window_fake, aquarium_window_corner,
          aquarium_window_3, aquarium_view_2c, aquarium_view_2b, serial_shops,
          shop, bh_walls_and_bars
Temple:   dpeg_five_rooms_temple
